Map: Catalyst LE

Players

Serral - Winner!

  • Race: Zerg Zerg
  • Spawn Location: 11:00

Kelazhur

  • Race: Terran Terran
  • Spawn Location: 5:00

Event: WCS Austin 2018

VOD

Have the link to the VOD?

Description

Time

  • Played on: June 2, 2018, 1:11 p.m.
  • Length: 6:53

All games in this series

Show
View Real Time Build Order
Export as new Build Order

Serral Zerg - Winner!

Build Orders: Hatch First 

Get SALT Encoding   

  12  0:00  Drone  
  13  0:12  Overlord  
  13  0:17  Drone  
  14  0:30  Drone x2  
  16  0:48  Hatchery  
  15  0:51  Drone  
  15  0:55  Drone  
  17  1:09  Spawning Pool  
  16  1:11  Extractor  
  16  1:14  Drone  
  16  1:17  Drone  
  17  1:21  Drone  
  18  1:28  Drone  
  19  1:39  Overlord  
  19  1:52  Drone  
  20  1:56  Queen  
  20  1:59  Queen  
  20  2:00  Zergling x4  
  26  2:11  Drone x2  
  26  2:13  Metabolic Boost  
  28  2:21  Drone  
  28  2:22  Drone  
  30  2:39  Hatchery  
  29  2:44  Queen  
  29  2:49  Overlord  
  31  2:51  Drone  
  31  2:54  Drone  
  31  2:57  Drone  
  34  2:59  Drone  
  36  3:05  Drone  
  36  3:08  Overlord, Drone  
  36  3:11  Drone  
  38  3:14  Drone x2  
  38  3:18  Drone  
  41  3:24  Queen  
  43  3:28  Drone x2  
  45  3:37  Roach Warren, Zergling x4  
  45  3:40  Zergling x2  
  45  3:41  Zergling x2  
  48  3:45  Overlord  
  48  3:46  Zergling x2  
  49  3:49  Zergling x2  
  49  3:53  Zergling x2  
  49  3:54  Zergling x4  
  53  3:57  Zergling x2  
  53  3:58  Zergling x2  
  53  4:01  Extractor  
  54  4:05  Zergling x4  
  56  4:15  Zergling x12  
  49  4:28  Overlord  
  48  4:33  Roach x5  
  48  4:34  Roach  
  48  4:35  Roach  
  62  4:40  Roach  
  66  4:45  Roach  
  66  4:47  Roach  
  66  4:48  Roach  
  70  4:55  Overlord  
  70  4:59  Zergling x2  
  74  5:00  Zergling x8  
  74  5:07  Overlord  
  74  5:15  Overlord x2  
  74  5:21  Zergling x10  
  75  5:37  Zergling x14  
  75  5:42  Zergling x4  
  80  5:45  Zergling x2  
  81  5:50  Zergling x6  
  81  5:55  Zergling x8  
  84  5:57  Zergling x8  
  84  6:01  Zergling x2  
  83  6:05  Zergling x2  
  83  6:08  Zergling x2  
  83  6:11  Zergling x2  
  75  6:17  Zergling x4  
  72  6:22  Zergling x2  
  72  6:23  Zergling x4  
  70  6:28  Zergling x2  
  70  6:29  Zergling x6  
  70  6:32  Zergling x4  
  75  6:35  Zergling x2  
Show
View Real Time Build Order
Export as new Build Order

Kelazhur Terran 

Build Orders: Cyclone Opening, Gas First Reaper Expand, Reaper Expand 

Get SALT Encoding   

  12  0:00  SCV  
  13  0:12  SCV  
  14  0:17  Supply Depot  
  14  0:25  SCV  
  15  0:28  Refinery  
  15  0:38  SCV  
  16  0:45  Barracks  
  16  0:50  SCV  
  17  1:02  SCV  
  18  1:15  SCV  
  19  1:32  Orbital Command, Reaper  
  20  1:42  Command Center  
  20  1:51  Refinery  
  20  1:59  Factory  
  20  2:02  SCV  
  20  2:06  Barracks Reactor  
  21  2:14  SCV  
  22  2:19  Supply Depot  
  22  2:26  SCV  
  23  2:40  SCV  
  24  2:51  Cyclone x2  
  24  2:52  Marine  
  24  2:54  SCV  
  24  2:56  Orbital Command  
  32  3:06  SCV  
  32  3:08  Armory  
  33  3:19  SCV  
  34  3:21  SCV  
  34  3:24  Hellion x2  
  39  3:33  SCV  
  40  3:36  SCV  
  40  3:37  Supply Depot  
  41  3:46  SCV  
  41  3:47  Hellion x2  
  46  3:59  SCV x2, Terran Vehicle Weapons Level 1  
  50  4:10  Hellion  
  50  4:16  Hellion  
  49  4:19  SCV  
  49  4:22  SCV  
  47  4:31  Hellion, SCV  
  47  4:34  SCV  
  47  4:38  Hellion  
  50  4:43  Supply Depot, SCV  
  50  4:45  Command Center  
  51  4:46  SCV  
  54  4:52  Hellion  
  54  4:57  Starport, Barracks Tech Lab  
  54  5:04  Hellion, SCV x2  
  58  5:07  Supply Depot  
  60  5:14  Refinery  
  60  5:16  Refinery  
  60  5:20  SCV  
  61  5:23  SCV  
  59  5:29  Cyclone x2  
  63  5:41  SCV  
  63  5:42  Supply Depot  
  64  5:45  Banshee  
  67  5:50  SCV  
  54  6:18  SCV x2  
  54  6:19  Cyclone  
  46  6:30  SCV x2  
Tags
 
Add a new tag
Caveats
  • Supply blocks, unpowered buildings, or Contaminate may cause inaccurate times.
  • Supply counts are checked every 10 seconds.